 Dungeon Sprint DCSS version 0.22-a0-181-gb22368a (console) character file.

26 removed the Chucker (level 3, 0/32 HPs)
             Began as a Gnoll Wanderer on Feb 14, 2018.
             Was a Follower of Uskayaw.
             Slain by a gnoll
             ... wielding a +0 spear
              (5 damage)
             ... in the Dungeon (Sprint VII: "The Pits").
             The game lasted 00:01:18 (453 turns).

removed the Chucker (Gnoll Wanderer)                 Turns: 453, Time: 00:01:20

Health: 0/32       AC:  2    Str: 16    XL:     3   Next: 8%
Magic:  5/5        EV: 13    Int: 13    God:    Uskayaw [*.....]
Gold:   0          SH:  0    Dex: 14    Spells: 5/5 levels left

rFire    . . .     SeeInvis .   j - +2 trident
rCold    . . .     Gourm    .   (no shield)
rNeg     . . .     Faith    .   c - +0 robe
rPois    .         Spirit   .   (no helmet)
rElec    .         Reflect  .   (no cloak)
rCorr    .         Harm     .   (no gloves)
MR       .....     NoTele   +   (no boots)
Stlth    ++........             (no amulet)
HPRegen  0.10/turn              (no ring)
MPRegen  0.09/turn              (no ring)

@: no status effects
A: distributed training, fangs 1, strong nose
a: Stomp, Renounce Religion


You were in the Dungeon.
You worshipped Uskayaw.
Uskayaw was noncommittal.
You were not hungry.

You visited 1 branch

Inventory:

Hand Weapons
 a - a +2 spear
 j - a +2 trident (weapon)
Armour
 c - a +0 robe (worn)
Scrolls
 i - a scroll of blinking
 k - 2 scrolls of vulnerability
 l - 3 scrolls of remove curse
 m - 5 scrolls of amnesia
 n - a scroll of summoning
Potions
 b - 3 potions of curing
 e - a potion of heal wounds
 f - a potion of haste
 g - 4 potions of magic
 h - 3 potions of berserk rage
 o - 2 potions of invisibility
Comestibles
 d - 9 rations


   Skills:
 + Level 4.9 Fighting
 + Level 1.7 Short Blades
 + Level 1.7 Long Blades
 + Level 1.7 Axes
 + Level 1.7 Maces & Flails
 + Level 4.9 Polearms
 + Level 1.7 Staves
 + Level 1.7 Slings
 + Level 4.9 Bows
 + Level 1.7 Crossbows
 + Level 4.9 Throwing
 + Level 3.1 Armour
 + Level 3.1 Dodging
 + Level 1.7 Stealth
 + Level 1.7 Shields
 + Level 1.7 Unarmed Combat
 + Level 1.7 Spellcasting
 + Level 1.3 Conjurations
 + Level 1.3 Hexes
 + Level 1.3 Charms
 + Level 1.3 Summonings
 + Level 1.3 Necromancy
 + Level 1.3 Translocations
 + Level 1.3 Transmutations
 + Level 1.3 Fire Magic
 + Level 1.3 Ice Magic
 + Level 1.3 Air Magic
 + Level 1.3 Earth Magic
 + Level 1.3 Poison Magic
 + Level 2.0 Invocations
 + Level 1.7 Evocations


You had 5 spell levels left.
You didn't know any spells.

Dungeon Overview and Level Annotations

Branches:
Dungeon (1/1)

Altars:
Ashenzari
Cheibriados
Dithmenos
Elyvilon
Fedhas
Gozag
Hepliaklqana
Kikubaaqudgha
Makhleb
Nemelex Xobeh
Okawaru
Qazlal
Ru
Sif Muna
Trog
Uskayaw
Vehumet
Wu Jian
Xom
Yredelemnul
Zin
The Shining One
Beogh
Jiyva
Lugonu


Innate Abilities, Weirdness & Mutations

Your experience applies equally to all skills.
You have very sharp teeth.
Your uncanny sense of smell can sniff out nearby items.


Message History

You close the door.
A gnoll opens the door.
You close the door.
A gnoll opens the door.
You close the door.
A gnoll opens the door.
You close the door.
A gnoll opens the door.
You close the door.
A gnoll opens the door.
As you close the door, it creaks loudly!
A gnoll opens the door.
You close the door.
A gnoll opens the door.
You close the door.
A gnoll opens the door.
You close the door.
A gnoll opens the door.
You close the door.
A gnoll opens the door.
You close the door.
A gnoll opens the door.
You close the door.
A gnoll opens the door.
You close the door.
A gnoll opens the door.
You close the door.
A gnoll opens the door.
You close the door.
A gnoll opens the door.
You close the door.
A gnoll opens the door.
You close the door.
A gnoll opens the door.
The gnoll hits you from afar with a spear.
You die...

############
#_________.#
#_________.#
#_______...###########++
##########'##...........
#..(.')))'.##......#..#
##########.##..........
#.......@...'...........
+#####'#####......#..#.
#..#g)#∆∆ #...........
#..'..#∆∆ ####'#####+
#..####∆∆ #.......#
#..#bg#∆∆ #.......#
#..#..#∆∆ #.......#
##'#..#+###...<...#
#....g...##.......#


You could see a gnoll.

Vanquished Creatures
  A river rat (D)
  2 ufetubi (D)
  An orc (D)
  A giant cockroach (D)
  A hobgoblin (D)
  A rat (D)
7 creatures vanquished.

Notes
Turn   | Place    | Note
-------+----------+-------------------------------------------
     0 | D        | removed the Gnoll Wanderer began the quest for the Orb.
     0 | D        | removed set off with: a +2 spear, 3 potions of curing, a +0 robe, a ration, a potion of heal wounds, a potion of haste, 2 potions of magic, a potion of berserk rage, a scroll of blinking
     0 | D        | Reached XP level 1. HP: 20/20 MP: 1/1
    12 | D        | Reached skill level 1 in Invocations
   161 | D        | Found a glowing golden altar of the Shining One.
   161 | D        | Found a glowing silver altar of Zin.
   161 | D        | Found a basalt altar of Yredelemnul.
   161 | D        | Found a shimmering altar of Xom.
   161 | D        | Found an ornate altar of the Wu Jian Council.
   161 | D        | Found a bloodstained altar of Trog.
   161 | D        | Found a deep blue altar of Sif Muna.
   161 | D        | Found a sacrificial altar of Ru.
   161 | D        | Found a stormy altar of Qazlal.
   161 | D        | Found an iron altar of Okawaru.
   161 | D        | Found a sparkling altar of Nemelex Xobeh.
   161 | D        | Found a burning altar of Makhleb.
   161 | D        | Found a viscous altar of Jiyva.
   161 | D        | Found a hazy altar of Hepliaklqana.
   161 | D        | Found an opulent altar of Gozag.
   161 | D        | Found a blossoming altar of Fedhas.
   161 | D        | Found a white marble altar of Elyvilon.
   161 | D        | Found a shadowy altar of Dithmenos.
   161 | D        | Found a snail-covered altar of Cheibriados.
   163 | D        | Found a corrupted altar of Lugonu.
   163 | D        | Found a radiant altar of Vehumet.
   163 | D        | Found a roughly hewn altar of Beogh.
   165 | D        | Found a shattered altar of Ashenzari.
   165 | D        | Found an ancient bone altar of Kikubaaqudgha.
   165 | D        | Found a hide-covered altar of Uskayaw.
   191 | D        | Became a worshipper of Uskayaw the Reveler
   207 | D        | Reached skill level 1 in Short Blades
   207 | D        | Reached skill level 1 in Long Blades
   207 | D        | Reached skill level 1 in Axes
   207 | D        | Reached skill level 1 in Maces & Flails
   207 | D        | Reached skill level 1 in Staves
   207 | D        | Reached skill level 1 in Slings
   207 | D        | Reached skill level 1 in Crossbows
   207 | D        | Reached skill level 1 in Stealth
   207 | D        | Reached skill level 1 in Shields
   207 | D        | Reached skill level 1 in Unarmed Combat
   207 | D        | Reached skill level 1 in Spellcasting
   207 | D        | Reached skill level 1 in Evocations
   207 | D        | Reached XP level 2. HP: 26/26 MP: 3/3
   208 | D        | Reached * piety under Uskayaw
   213 | D        | Reached ** piety under Uskayaw
   216 | D        | Reached skill level 1 in Conjurations
   216 | D        | Reached skill level 1 in Hexes
   216 | D        | Reached skill level 1 in Charms
   216 | D        | Reached skill level 1 in Summonings
   216 | D        | Reached skill level 1 in Necromancy
   216 | D        | Reached skill level 1 in Translocations
   216 | D        | Reached skill level 1 in Transmutations
   216 | D        | Reached skill level 1 in Fire Magic
   216 | D        | Reached skill level 1 in Ice Magic
   216 | D        | Reached skill level 1 in Air Magic
   216 | D        | Reached skill level 1 in Earth Magic
   216 | D        | Reached skill level 1 in Poison Magic
   219 | D        | Reached XP level 3. HP: 17/32 MP: 3/5
   219 | D        | Reached *** piety under Uskayaw
   453 | D        | Slain by a gnoll

Vault maps used:
D:        pitsprint

Skill      XL: |  1  2  3 |
---------------+----------+-----
Invocations    | 1 2 |  2.0
Short Blades   | 1 |  1.7
Long Blades    | 1 |  1.7
Axes           | 1 |  1.7
Maces & Flails | 1 |  1.7
Staves         | 1 |  1.7
Slings         | 1 |  1.7
Crossbows      | 1 |  1.7
Stealth        | 1 |  1.7
Shields        | 1 |  1.7
Unarmed Combat | 1 |  1.7
Spellcasting   | 1 |  1.7
Evocations     | 1 |  1.7
Armour         | 3 |  3.1
Dodging        | 3 |  3.1
Conjurations   | 1 |  1.3
Hexes          | 1 |  1.3
Charms         | 1 |  1.3
Summonings     | 1 |  1.3
Necromancy     | 1 |  1.3
Translocations | 1 |  1.3
Transmutations | 1 |  1.3
Fire Magic     | 1 |  1.3
Ice Magic      | 1 |  1.3
Air Magic      | 1 |  1.3
Earth Magic    | 1 |  1.3
Poison Magic   | 1 |  1.3
Fighting       | |  4.9
Polearms       | |  4.9
Bows           | |  4.9
Throwing       | |  4.9

Action                   || total
-------------------------++-------
Melee: Spear             ||     3
       Trident           ||    18
       Bite              ||     3
 Stab: Sleeping          ||     1
Armor: Robe              ||     3
Dodge: Dodged            ||    13

Table legend:
 A = Spawn XP
 B = Non-spawn XP
 C = Spawn XP percentage of total XP
 D = Spawn monster count
 E = Non-spawn monster count
 F = Spawn count percentage of total count
 G = Total turns spent on level
                    A         B        C        D         E        F      G
               +---------+---------+-------+---------+---------+-------+---------
         Total |       0 |      38 |   0.0 |       0 |       7 |   0.0 |   453
               +---------+---------+-------+---------+---------+-------+---------
             D |       0 |      38 |   0.0 |       0 |       7 |   0.0 |   453
               +---------+---------+-------+---------+---------+-------+---------
